 Dungeon Crawl Stone Soup version 0.28.0-53-g5a82cb258f (webtiles) character file.

Game seed: 8835226982571596670

73 Sin92 the Skirmisher (level 4, -2/35 HPs)
             Began as a Demonspawn Fighter on July 3, 2022.
             Slain by Grinder (4 damage)
             ... while paralysed by Grinder
             ... on level 3 of the Dungeon.
             The game lasted 00:01:07 (1895 turns).

Sin92 the Skirmisher (Demonspawn Fighter)           Turns: 1895, Time: 00:01:08

Health: -2/35      AC:  8    Str: 18    XL:     4   Next: 8%
Magic:  4/4        EV:  2    Int: 10    God:
Gold:   114        SH:  0    Dex: 12    Spells: 3/3 levels left

rFire   . . .      SeeInvis .   a - +0 war axe
rCold   . . .      Faith    .   c - +0 buckler
rNeg    . . .      Spirit   .   b - +0 scale mail
rPois   .          Reflect  .   (helmet restricted)
rElec   .          Harm     .   (no cloak)
rCorr   .          Rampage  .   (no gloves)
Will    .....                   (no boots)
Stlth   ..........              (no amulet)
HPRegen 0.11/turn               (no ring)
MPRegen 0.09/turn               (no ring)

@: paralysed
A: antennae 1, icy blue scales 1, spiny 1
a: no special abilities


You were on level 3 of the Dungeon.
You visited 1 branch of the dungeon, and saw 3 of its levels.

You collected 114 gold pieces.

Inventory:

Hand Weapons
 a - a +0 war axe (weapon)
Armour
 b - a +0 scale mail (worn)
 c - a +0 buckler (worn)
Jewellery
 i - an amulet of the acrobat
Scrolls
 g - 2 scrolls of identify {unknown}
 h - a scroll of vulnerability {unknown}
 k - a scroll of enchant armour {unknown}
Potions
 d - a potion of might
 e - a potion of berserk rage {unknown}
 f - a potion of flight {unknown}
 j - a potion of haste {unknown}


   Skills:
 + Level 3.4 Fighting
 * Level 2.8 Axes
 + Level 3.1 Armour
 + Level 3.1 Shields


You had 3 spell levels left.
You didn't know any spells.
Your spell library contained the following spells:

 Spells                   Type           Power      Damage    Failure   Level
 Sublimation of Blood     Necr           0%         N/A       93%         2
 Wereblood                Tmut           0%         N/A       93%         2
 Summon Hydra             Summ           0%         N/A       100%        7


Dungeon Overview and Level Annotations

Branches:
Dungeon (3/15)

Altars:
Elyvilon

Annotations:
D:3 1 runed translucent door, Crazy Yiuf, Grinder


Innate Abilities, Weirdness & Mutations

You have a pair of small antennae on your head.
You are partially covered in icy blue scales. (AC +2)
You are partially covered in sharp spines.


Message History

Grinder is nearby!
You barely miss Grinder.
Grinder is severely wounded.
Grinder says, "Just stop there for a second..."
Grinder hits you.
You writhe in agony.
Unknown command.
Grinder is nearby!
You are too injured to fight recklessly!
Grinder is nearby!
Unknown command.
You are too injured to fight recklessly!
Grinder is nearby!
You are too injured to fight recklessly!
Unknown command.
Grinder is nearby!
You are too injured to fight recklessly!
Unknown command.
You hit Grinder.
Grinder is almost dead.
Grinder gestures at you. You resist with significant effort.
Grinder barely misses you.
You hit Grinder.
Grinder is almost dead.
Grinder hits you but does no damage.
You closely miss Grinder.
Grinder is almost dead.
You block Grinder's attack.
You closely miss Grinder.
Grinder is almost dead.
Grinder gestures at you.
You suddenly lose the ability to move!
Grinder gestures at you. Pain shoots through your body!
* * * LOW HITPOINT WARNING * * *
Grinder hits you.
* * * LOW HITPOINT WARNING * * *
You writhe in agony.
* * * LOW HITPOINT WARNING * * *
Grinder is struck by your spines. Grinder hits you.
You die...

*****#.##.##.#
************,*
#....##.#
*..,,,,,,,,,,*
########..##.#
*.#***********
#............# *.#
#.######..##.# *.#
..# #..##.# *.# .###
#..##.# ##.## ...#
#..##.###...##
##.#####..##....@...#
#........######.5.##
##........# ##.##
.†.######## *## ####


You could see Grinder.

Vanquished Creatures
  Jessica (D:3)
  A worm (D:3)
  A dart slug (D:1)
  5 ball pythons
  3 endoplasms
  5 goblins
  6 hobgoblins
  6 kobolds
  2 quokkas (D:2)
  7 bats
  A frilled lizard (D:1)
  A spectral kobold (D:1)
39 creatures vanquished.

Vanquished Creatures (others)
  2 plants (D:1)
2 creatures vanquished.

Grand Total: 41 creatures vanquished

Notes
Turn   | Place    | Note
-------+----------+-------------------------------------------
     0 | D:1      | Sin92 the Demonspawn Fighter began the quest for the Orb.
     0 | D:1      | Reached XP level 1. HP: 18/18 MP: 1/1
   153 | D:1      | Gained mutation: You have a pair of small antennae on your
                  | head. [demonic ancestry]
   153 | D:1      | Reached XP level 2. HP: 24/24 MP: 2/2
   560 | D:1      | Found a faded altar of an unknown god.
   728 | D:2      | Gained mutation: You are partially covered in icy blue
                  | scales. (AC +2) [demonic ancestry]
   728 | D:2      | Reached XP level 3. HP: 19/28 MP: 3/3
  1573 | D:3      | Noticed Jessica
  1577 | D:3      | Killed Jessica
  1578 | D:3      | Gained mutation: You are partially covered in sharp spines.
                  | [demonic ancestry]
  1578 | D:3      | Reached XP level 4. HP: 28/35 MP: 4/4
  1701 | D:3      | Found a runed translucent door.
  1702 | D:3      | Noticed Crazy Yiuf
  1880 | D:3      | Noticed Grinder
  1893 | D:3      | Paralysed by Grinder for 5 turns
  1894 | D:3      | HP: 1/35 [Grinder (4)]
  1895 | D:3      | Slain by Grinder

Illustrated notes

Levels and vault maps discovered:
D:1:      scummos_arrival_gate, layout_rooms,
          dreamdust_ecumenical_altar_drowned_temple, serial_bayou_pond_b
D:2:      layout_rooms, basic_altar
D:3:      layout_loops_ring, uniq_jessica, uniq_grinder, uniq_crazy_yiuf_cottage

Skill      XL: |  1  2  3 |
---------------+----------+-----
Axes           | 2 |  2.8
Armour         | 3 |  3.1
Shields        | 3 |  3.1
Fighting       | |  3.4

Action                   |  1- 3 |  4- 6 || total
-------------------------+-------+-------++-------
Melee: War axe           |    81 |    17 ||    98
  Use: Scroll            |     1 |       ||     1
Armor: Scale mail        |    46 |     5 ||    51
Dodge: Dodged            |    34 |     8 ||    42
Block: Buckler           |    18 |     2 ||    20
